 Dungeon Crawl Stone Soup version 0.29.0-11-gd7f09526c8 (webtiles) character file.

Game seed: 497237482138364709

4671 RascalDebosk the Cleaver (level 10, 0/135 HPs)
             Began as a Minotaur Berserker on Sept 5, 2022.
             Was a Believer of Trog.
             Slain by a komodo dragon (10 damage)
             ... on level 8 of the Dungeon.
             The game lasted 00:55:06 (7993 turns).

RascalDebosk the Cleaver (Minotaur Berserker)       Turns: 7993, Time: 00:55:07

Health: 0/135      AC: 14    Str: 37    XL:     10   Next: 21%
Magic:  9/9        EV: 11    Int:  6    God:    Trog [**....]
Gold:   87         SH:  7    Dex:  9    Spells: 9/9 levels left

rFire   . . .      SeeInvis .   a - +0 hand axe (flame)
rCold   . . .      Faith    .   u - +0 buckler
rNeg    . . .      Spirit   .   c - +1 chain mail
rPois   .          Reflect  +   (helmet restricted)
rElec   .          Harm     .   f - +1 cloak
rCorr   .          Rampage  .   (no gloves)
Will    .....                   (no boots)
Stlth   ..........              r - amulet of reflection
HPRegen 0.32/turn               n - +6 ring of strength
MPRegen 0.11/turn               z - +6 ring of strength

@: berserking (expiring), very quick
A: horns 2, retaliatory headbutt
a: Renounce Religion, Berserk, Trog's Hand


You were on level 8 of the Dungeon.
You worshipped Trog.
Trog was pleased with you.
You visited 1 branch of the dungeon, and saw 8 of its levels.

You collected 266 gold pieces.
You spent 179 gold pieces at shops.

Inventory:

Hand Weapons
 a - a +0 hand axe of flaming (weapon)
Missiles
 s - 4 silver boomerangs
 t - 9 boomerangs (quivered)
 w - 10 poisoned darts
 x - 2 javelins
Armour
 c - a +1 chain mail (worn)
 f - a +1 cloak (worn)
 u - a +0 buckler (worn)
Jewellery
 b - an amulet of the acrobat
 m - a +6 ring of dexterity
 n - a +6 ring of strength (left hand)
 r - an amulet of reflection (around neck)
 z - a +6 ring of strength (right hand)
Wands
 i - a wand of charming (32)
 j - a wand of flame (15)
 y - a wand of roots (9)
Scrolls
 d - 8 scrolls of teleportation
 h - a scroll of brand weapon
 v - a scroll of fog {unknown}
Potions
 e - 5 potions of heal wounds
 g - a potion of magic
 k - 3 potions of mutation
 l - a potion of haste {unknown}
 o - 4 potions of curing
 p - a potion of berserk rage
 q - a potion of flight


   Skills:
 + Level 8.4 Fighting
 + Level 8.6 Axes
 + Level 6.2 Throwing
 + Level 8.1 Armour
 + Level 7.3 Dodging
 - Level 4.0 Evocations


You had 9 spell levels left.
You didn't know any spells.
Your spell library was empty.

Dungeon Overview and Level Annotations

Branches:
Dungeon (8/15)             Temple (0/1) D:7
   Lair: D:8-11

Altars:
Gozag
Ru
Trog
Yredelemnul

Shops:
D:2 [**   D:4 ?*[[   D:5 =   D:6 :!**   D:8 *


Innate Abilities, Weirdness & Mutations

You have a pair of horns on your head.
You reflexively headbutt those who attack you in melee.


Message History

The komodo dragon bites you!
* * * LOW HITPOINT WARNING * * *
You block the komodo dragon's attack. Something hits you but does no damage.
You slash the komodo dragon! You burn the komodo dragon.
You kill the komodo dragon!
Trog accepts your kill.
You hit the komodo dragon. You burn the komodo dragon.
You barely miss something. The komodo dragon barely misses you.
Something hits you but does no damage. The steam dragon misses you.
The steam dragon claws you but does no damage.
The orc hits you but does no damage.
You hit the steam dragon. You burn the steam dragon.
The steam dragon is lightly wounded.
You closely miss the orc. You hit the komodo dragon.
You burn the komodo dragon. You closely miss something.
You block the komodo dragon's attack.
You slash the steam dragon! You burn the steam dragon.
Your headbutt misses the steam dragon.
The steam dragon is severely wounded.
You closely miss something. You slash the orc! You burn the orc.
You kill the orc!
Trog accepts your kill.
You hit the komodo dragon. You burn the komodo dragon.
Something hits you but does no damage. The steam dragon closely misses you.
The steam dragon claws you but does no damage.
You barely miss the steam dragon. Your headbutt misses the steam dragon.
The steam dragon is severely wounded.
You hit the komodo dragon but do no damage.
You closely miss something. The komodo dragon closely misses you.
The steam dragon bites you.
* * * LOW HITPOINT WARNING * * *
The steam dragon claws you but does no damage.
Something hits you but does no damage.
You slice the steam dragon!! You burn the steam dragon.
You kill the steam dragon!
Trog accepts your kill.
You barely miss the komodo dragon. You slash something! You burn something.
The komodo dragon bites you!
You die...

#.....#.#.#######.#
#######.#.# #.#
........#.#
........# ######.##
# #### ### ##
#.###.####.#
###.........###.#.#
#
#.....###..)@)...#
#####..####
##.l)†......
##...###
###.###.... ..####
### #.. ### .


You could see a komodo dragon.

Vanquished Creatures
  The ghost of Flarelocke the Trooper, a novice MiFi of Wu Jian (D:7)
  Pikel (D:6)
  2 komodo dragons (D:8)
  The ghost of Tollund the Cutter, an amateur VSFi (D:3)
  2 steam dragons (D:8)
  2 water moccasins
  An orc warrior (D:8)
  3 ice beasts
  A black bear (D:8)
  A centaur (D:7)
  An ogre (D:4)
  3 lemures (D:6)
  3 phantoms
  The ghost of Esekla the Firebug, an amateur DECA of Ignis (D:3)
  2 kobold brigands
  3 bullfrogs
  A gnoll sergeant (D:5)
  2 necrophages
  2 scorpions
  4 quasits (D:7)
  2 hounds (D:5)
  4 jellies
  2 gnoll boudas
  11 orc priests
  An iguana (D:5)
  5 orc wizards (D:8)
  12 gnolls
  5 adders
  An ufetubus (D:5)
  4 dart slugs
  32 orcs
  3 ball pythons
  5 endoplasms
  6 giant cockroaches
  8 goblins
  3 hobgoblins
  14 kobolds
  2 quokkas
  3 bats
  A frilled lizard (D:3)
  2 rats (D:2)
163 creatures vanquished.

Vanquished Creatures (collateral kills)
  An orc (D:4)
1 creature vanquished.

Vanquished Creatures (others)
  An orc wizard (D:5)
1 creature vanquished.

Grand Total: 165 creatures vanquished

Notes
Turn   | Place    | Note
-------+----------+-------------------------------------------
     0 | D:1      | RascalDebosk the Minotaur Berserker began the quest for the
                  | Orb.
     0 | D:1      | Reached XP level 1. HP: 19/19 MP: 0/0
   253 | D:1      | Reached XP level 2. HP: 27/27 MP: 1/1
   268 | D:1      | Found a faded altar of an unknown god.
   757 | D:2      | Reached XP level 3. HP: 33/33 MP: 2/2
   916 | D:2      | Found Dywnulle's Assorted Antiques.
   920 | D:2      | Bought a scroll labelled VUICRA GILAC for 16 gold pieces
   920 | D:2      | Bought a fizzy white potion for 14 gold pieces
  1045 | D:2      | Found Dainu's Antique Armour Emporium.
  1271 | D:2      | Found Giwekir's General Store.
  1294 | D:3      | Reached skill level 1 in Throwing
  1297 | D:3      | Reached skill level 1 in Evocations
  1996 | D:3      | Found a runed translucent gate.
  1996 | D:3      | Found a runed translucent gate.
  1997 | D:3      | Found a runed translucent gate.
  2005 | D:3      | Noticed Esekla's ghost (amateur DECA)
  2005 | D:3      | Noticed Tollund's ghost (amateur VSFi)
  2079 | D:3      | Killed Esekla's ghost
  2080 | D:3      | Reached XP level 4. HP: 41/41 MP: 3/3
  2081 | D:3      | Killed Tollund's ghost
  2082 | D:3      | Reached XP level 5. HP: 47/47 MP: 4/4
  2082 | D:3      | Reached XP level 6. HP: 53/53 MP: 5/5
  2179 | D:4      | Reached ** piety under Trog
  2237 | D:4      | Found Sakomaecs's Armour Shoppe.
  2249 | D:4      | Bought a +0 cloak for 63 gold pieces
  2462 | D:4      | Found Oggail's Magic Scroll Shoppe.
  2466 | D:4      | Bought a scroll of identify for 24 gold pieces
  2466 | D:4      | Bought a scroll of identify for 24 gold pieces
  2501 | D:4      | Found Ezor's Assorted Antiques.
  2545 | D:4      | Found Dorghi's Antique Armour Emporium.
  2593 | D:4      | Reached skill level 5 in Fighting
  2593 | D:4      | Reached skill level 5 in Axes
  2596 | D:4      | Reached XP level 7. HP: 42/61 MP: 6/6
  2900 | D:5      | Entered Level 5 of the Dungeon
  3188 | D:5      | Found Faheo's Jewellery Boutique.
  3581 | D:5      | Reached skill level 5 in Armour
  3675 | D:5      | Reached XP level 8. HP: 65/70 MP: 7/7
  4339 | D:5      | You fall into a shaft and drop 2 floors!
  4341 | D:7      | Found a sacrificial altar of Ru.
  4344 | D:7      | Found a basalt altar of Yredelemnul.
  4372 | D:6      | Reached skill level 5 in Dodging
  5106 | D:6      | Found Beimiag's Gadget Gallery.
  5115 | D:6      | Bought a wand of flame (3) for 25 gold pieces
  5448 | D:6      | Found Miotuyx's Distillery.
  5448 | D:6      | Found Vuon's Assorted Antiques.
  5449 | D:6      | Found Karysae's Book Boutique.
  5454 | D:6      | Bought a potion of degeneration for 13 gold pieces
  5498 | D:6      | Noticed Pikel
  5522 | D:6      | Killed Pikel
  5523 | D:6      | Reached XP level 9. HP: 33/79 MP: 8/8
  6180 | D:7      | Found a staircase to the Ecumenical Temple.
  6187 | D:7      | Reached skill level 5 in Throwing
  6425 | D:7      | Found a transporter.
  6426 | D:7      | Noticed Flarelocke's ghost (novice MiFi)
  6449 | D:7      | Found a transporter.
  6543 | D:7      | Found a bloodstained altar of Trog.
  6792 | D:7      | Killed Flarelocke's ghost
  6965 | D:8      | HP: 3/121 [orc priest/divine providence (14)]
  7305 | D:8      | Reached XP level 10. HP: 53/88 MP: 9/9
  7497 | D:8      | Found Sodgh's Overcharged Wands.
  7537 | D:8      | Found an opulent altar of Gozag.
  7993 | D:8      | Slain by a komodo dragon

Illustrated notes

Levels and vault maps discovered:
D:1:      dpeg_arrival_connections, layout_loops_ring,
          hellmonk_ecumenical_altar_pennies_from_heaven
D:2:      minmay_razor_zed, layout_basic, serial_shops, shop,
          nicolae_diamond_shop, nicolae_shop_hallway_plus,
          nicolae_shop_behind_doors, shop, grunt_ministairs_8,
          uniq_crazy_yiuf_cottage
D:3:      layout_loops_corners, gammafunk_ghost_cemetery,
          chequers_serial_rivers_small_b, minmay_misc_feat_plants
D:4:      layout_loops_ring, serial_shops, nicolae_lakefront_shop,
          nicolae_shop_trees, nicolae_square_shop, shop
D:5:      layout_basic, serial_shops, shop
D:6:      layout_cave_pods, nicolae_wooded_promenade, nicolae_shop_gadgets,
          uniq_pikel
D:7:      layout_loops_cross, kennysheep_mini_moat,
          chequers_temple_overflow_statue_of_worship,
          minmay_temple_entry_large_hall, enter_bailey_7,
          gammafunk_ghost_stat_death
D:8:      layout_basic, grunt_gozag_breadcrumbs, erik_lair_dragon,
          nicolae_shop_overcharged_wands

Skill      XL: |  1  2  3  4  5  6  7  8  9 10 |
---------------+-------------------------------+-----
Fighting       | 4 5 7 8 |  8.4
Axes           | 4 5 7 8 |  8.6
Throwing       | 1 2 3 4 5 6 |  6.2
Evocations     | 1 2 3 4 |  4.0
Armour         | 3 4 5 6 7 8 |  8.1
Dodging        | 3 4 5 7 |  7.3

Action                   |  1- 3 |  4- 6 |  7- 9 | 10-12 || total
-------------------------+-------+-------+-------+-------++-------
Melee: Hand axe          |    92 |    40 |   266 |    38 ||   436
       Headbutt          |     8 |     4 |    49 |     4 ||    65
       Punch             |       |       |     1 |       ||     1
Throw: Boomerang         |       |       |    12 |     4 ||    16
Invok: Berserk           |     1 |       |     8 |     1 ||    10
       Trog's Hand       |       |       |     6 |       ||     6
  Use: Scroll            |       |    11 |     7 |       ||    18
Armor: Chain mail        |    44 |    16 |   137 |    22 ||   219
       Animal skin       |     1 |       |       |       ||     1
Dodge: Dodged            |    47 |    18 |   144 |    16 ||   225
Block: Other             |       |       |     7 |       ||     7
       Buckler           |       |       |    81 |     9 ||    90
       Reflection        |       |       |     6 |       ||     6
